 Dungeon Crawl Stone Soup version 0.23.0-3-gf3c87f2 (webtiles) character file.

Game seed: 3923462235557475216

264 Lanoc the Chopper (level 6, -5/42 HPs)
             Began as an Octopode Gladiator on Feb 25, 2019.
             Was an Initiate of Qazlal.
             Slain by an ogre
             ... wielding a +0 giant club
              (13 damage)
             ... on level 4 of the Dungeon.
             The game lasted 00:03:51 (2909 turns).

Lanoc the Chopper (Octopode Gladiator)              Turns: 2909, Time: 00:03:51

Health: -5/42      AC:  1    Str: 14    XL:     6   Next: 19%
Magic:  6/6        EV: 15    Int: 10    God:    Qazlal [......]
Gold:   134        SH:  0    Dex: 15    Spells: 5/5 levels left

rFire    . . .     SeeInvis .   a - +0 war axe
rCold    . . .     Gourm    .   (no shield)
rNeg     . . .     Faith    +   b - +0 hat
rPois    .         Spirit   .   i - amulet of faith
rElec    .         Reflect  .   (no ring)
rCorr    .         Harm     .   (no ring)
MR       .....                  (no ring)
Stlth    ++........             (no ring)
HPRegen  0.14/turn              (no ring)
MPRegen  0.10/turn              (no ring)
                                (no ring)
                                (no ring)

@: no status effects
A: almost no armour, stealthy swim, amphibious, 8 rings, constrict 8, camouflage
1, gelatinous body 1
a: Renounce Religion


You were on level 4 of the Dungeon.
You worshipped Qazlal.
Qazlal was noncommittal.
You were not hungry.

You visited 1 branch of the dungeon, and saw 4 of its levels.

You collected 134 gold pieces.

Inventory:

Hand Weapons
 a - a +0 war axe (weapon)
Missiles
 c - 3 throwing nets (quivered)
Armour
 b - a +0 hat (worn)
Jewellery
 i - an amulet of faith (around mantle)
Scrolls
 e - a scroll of enchant armour {unknown}
 f - 5 scrolls of identify {unknown}
 g - 2 scrolls of enchant weapon {unknown}
 k - a scroll of random uselessness {unknown}
 l - a scroll of remove curse {unknown}
 m - 2 scrolls of fog {unknown}
 n - 4 scrolls of teleportation {unknown}
Potions
 h - a potion of ambrosia {unknown}
 j - a potion of lignification {unknown}
 o - a potion of curing {unknown}
 p - a potion of degeneration {unknown}
 q - a potion of mutation {unknown}
Comestibles
 d - 4 rations
 r - 3 chunks of flesh


   Skills:
 + Level 3.5 Fighting
 * Level 5.2 Axes
 - Level 2.0 Throwing
 + Level 4.2 Dodging


You had 5 spell levels left.
You didn't know any spells.
Your spell library was empty.

Dungeon Overview and Level Annotations

Branches:
Dungeon (4/15)
 Temple: D:4-7

Altars:
Gozag
Okawaru
Qazlal


Innate Abilities, Weirdness & Mutations

You cannot wear most types of armour.
You are very stealthy in the water. (Stealth+)
You are amphibious.
You can wear up to eight rings at the same time.
You can use your tentacles to constrict eight enemies at once.
Your skin changes colour to match your surroundings (Stealth+).
Your rubbery body absorbs attacks. (AC +1, EV +1)


Message History

Found a stone staircase leading down.
The ogre misses you.
You barely miss the ogre. The ogre closely misses you.
You slash the ogre! You squeeze the ogre!
The ogre is heavily wounded.
The ogre misses you.
You barely miss the ogre.
The ogre is heavily wounded.
The ogre misses you.
You hit the ogre.
The ogre is severely wounded.
The ogre barely misses you.
You hit the ogre.
The ogre is severely wounded.
The ogre hits you with a +0 giant club!!
* * * LOW HITPOINT WARNING * * *
You hit the ogre. Your squeeze misses the ogre.
The ogre is almost dead.
The ogre hits you with a +0 giant club!
You die...

#........#.....
#........'.....
#........#.....
#........#.....
##+#........###...
#......#+######...
#=.....# #..))
+.O....# #...<
#@.....# #....
#......# ##...
....#### #..#
.....+ ......
......# .......
.......# ........
...>....# ..#####
########## ##


You could see an ogre.

Vanquished Creatures
  An orc wizard (D:3)
  2 orc priests (D:4)
  A jelly (D:3)
  6 adders
  A worm (D:3)
  2 dart slugs (D:2)
  3 leopard geckos
  6 orcs
  6 giant cockroaches
  11 goblins
  8 hobgoblins
  10 kobolds
  A quokka (D:3)
  7 bats
  5 frilled lizards
  9 rats
79 creatures vanquished.

Notes
Turn   | Place    | Note
-------+----------+-------------------------------------------
     0 | D:1      | Lanoc the Octopode Gladiator began the quest for the Orb.
     0 | D:1      | Reached XP level 1. HP: 14/14 MP: 1/1
    33 | D:1      | Reached XP level 2. HP: 16/19 MP: 2/2
   347 | D:1      | Reached XP level 3. HP: 25/25 MP: 3/3
  1065 | D:2      | Reached XP level 4. HP: 30/30 MP: 4/4
  1070 | D:2      | Reached skill level 4 in Axes
  1187 | D:2      | Found an opulent altar of Gozag.
  1567 | D:3      | Found an iron altar of Okawaru.
  1728 | D:3      | Reached XP level 5. HP: 29/36 MP: 5/5
  2345 | D:3      | Found a stormy altar of Qazlal.
  2358 | D:3      | Became a worshipper of Qazlal Stormbringer
  2718 | D:4      | Reached skill level 5 in Axes
  2718 | D:4      | Reached XP level 6. HP: 26/42 MP: 6/6
  2909 | D:4      | Slain by an ogre

Skill      XL: |  1  2  3  4  5 |
---------------+----------------+-----
Axes           | 4 5 |  5.2
Fighting       | 3 |  3.5
Dodging        | 4 |  4.2
Throwing       | |  2.0

Action                   |  1- 3 |  4- 6 || total
-------------------------+-------+-------++-------
Melee: War axe           |    63 |    91 ||   154
       Tentacles         |    11 |    25 ||    36
       Constrict         |    12 |    24 ||    36
 Stab: Sleeping          |     6 |     5 ||    11
  Eat: Chunk             |     1 |     5 ||     6
Armor: Skin              |     4 |     2 ||     6
Dodge: Dodged            |    60 |    55 ||   115
